 Seeded DCSS version 0.28.0-47-ge53b351184 (webtiles) character file.

Game seed: 7474777 (custom seed)

100 xaos the Covered (level 5, -5/37 HPs)
             Began as a Human Wanderer on Apr 25, 2022.
             Killed by nerve-wracking pain
             ... invoked by Jessica
              (13 damage)
             ... on level 3 of the Dungeon on Apr 28, 2022.
             The game lasted 00:12:04 (4169 turns).

xaos the Covered (Human Wanderer)                   Turns: 4169, Time: 00:12:05

Health: -5/37      AC: 10    Str: 14    XL:     5   Next: 3%
Magic:  8/8        EV:  6    Int: 12    God:
Gold:   89         SH:  0    Dex: 13    Spells: 2/8 levels left

rFire   . . .      SeeInvis .   e - +0 hand axe (flame)
rCold   . . .      Faith    .   (no shield)
rNeg    . . .      Spirit   .   c - +0 chain mail
rPois   .          Reflect  .   (no helmet)
rElec   .          Harm     .   (no cloak)
rCorr   .          Rampage  .   (no gloves)
Will    .....                   (no boots)
Stlth   ..........              (no amulet)
HPRegen 0.12/turn               (no ring)
MPRegen 0.11/turn               (no ring)

@: no status effects
A: no striking features
a: no special abilities


You were on level 3 of the Dungeon.
You visited 1 branch of the dungeon, and saw 3 of its levels.

You collected 89 gold pieces.

Inventory:

Hand Weapons
 a - a +0 dagger
 e - a +0 hand axe of flaming (weapon)
Missiles
 d - 5 poisoned darts
 i - 68 stones
Armour
 c - a +0 chain mail (worn)
Scrolls
 g - a scroll of enchant weapon {unknown}
 h - a scroll of silence {unknown}
 j - a scroll of fog {unknown}
 k - a scroll of enchant armour {unknown}
 l - 2 scrolls of teleportation {unknown}
Potions
 b - a potion of curing
 m - a potion of cancellation {unknown}


   Skills:
 + Level 1.4 Fighting
 + Level 2.6 Axes
 + Level 5.6 Armour
 + Level 0.4 Dodging
 + Level 1.0 Stealth
 + Level 2.0 Spellcasting
 + Level 1.0 Translocations
 + Level 1.0 Invocations


You had 2 spell levels left.
You knew the following spells:

 Your Spells              Type           Power      Damage    Failure   Level
a - Apportation           Tloc           6%         N/A       98%         1
b - Sublimation of Blood  Necr           1%         N/A       100%        2
c - Wereblood             Tmut           1%         N/A       100%        2
d - Foxfire               Conj/Fire      4%         2x1d4     99%         1

Your spell library contained the following spells:

 Spells                   Type           Power      Damage    Failure   Level
 Conjure Flame            Conj/Fire      1%         6-21      100%        3
 Gell's Gravitas          Tloc           3%         N/A       100%        3
 Inner Flame              Hex/Fire       1%         N/A       100%        3
 Flame Wave               Conj/Fire      1%         2d4       100%        4
 Summon Hydra             Summ           0%         N/A       100%        7


Dungeon Overview and Level Annotations

Branches:
Dungeon (3/15)

Altars:

Annotations:
D:3 Jessica


Message History

A dart slug comes into view.
Items here: $ ( ) ? [ †.
There is an open door here.
The dart slug launches a dart at you.
The slug dart hits you but does no damage.
Found a dagger.
You start resting.
Jessica is nearby!
You hit Jessica but do no damage. Jessica barely misses you.
You closely miss Jessica.
Jessica gestures wildly while chanting.
Jessica seems to speed up.
You closely miss Jessica.
Jessica casts a spell.
Jessica blinks!
Jessica hits you with a +0 dagger.
The dart slug bites you but does no damage.
Jessica hits you but does no damage.
There is an open door here.
You hit Jessica. You burn Jessica.
Jessica is moderately wounded.
You hit the dart slug. You burn the dart slug.
Jessica hits you with a +0 dagger. The dart slug barely misses you.
You hit Jessica but do no damage.
Jessica is moderately wounded.
You hit the dart slug. You burn the dart slug.
Jessica mumbles some strange words.
Jessica blinks!
The dart slug barely misses you.
Jessica gestures wildly while chanting.
Jessica blinks!
The dart slug launches a dart at you. The slug dart hits you.
Jessica gestures at you while chanting. Pain shoots through your body!
* * * LOW HITPOINT WARNING * * *
Jessica hits you with a +0 dagger.
* * * LOW HITPOINT WARNING * * *
Jessica gestures at you while chanting. Pain shoots through your body!
You die...

#.................'....
##'####'############....
.......)..# #####....
............# #........
.............# #........
.. ........w.# #........
. ..........# #........
###....@..# #........
.......@..# #....####
..........# #....#
..........# ####.#
.....^#.### #.#
....#.#.# #####'###
....#.#.# #.......# ###
# #.# #.......# #.#
#.......## #.........


You could see a dart slug and Jessica (fast).

Vanquished Creatures
  4 adders
  3 dart slugs
  4 orcs (D:3)
  4 endoplasms
  2 giant cockroaches
  2 goblins
  8 hobgoblins
  4 quokkas
  3 ball pythons
  5 bats
  5 frilled lizards
  4 kobolds
  5 rats
53 creatures vanquished.

Notes
Turn   | Place    | Note
-------+----------+-------------------------------------------
     0 | D:1      | xaos the Human Wanderer began the quest for the Orb.
     0 | D:1      | xaos set off with the following items: a +0 dagger, a
                  | potion of curing, a +0 chain mail; and the following spell
                  | memorised: Apportation; and the following spells available
                  | to memorise: Gell's Gravitas
     0 | D:1      | Reached XP level 1. HP: 13/13 MP: 3/3
   253 | D:2      | Reached skill level 1 in Axes
   500 | D:1      | Reached XP level 2. HP: 12/20 MP: 5/5
  1216 | D:1      | Found a faded altar of an unknown god.
  1276 | D:1      | Reached XP level 3. HP: 25/25 MP: 6/6
  2163 | D:2      | Learned a level 2 spell: Sublimation of Blood
  2166 | D:2      | Learned a level 2 spell: Wereblood
  2220 | D:2      | Reached XP level 4. HP: 31/31 MP: 7/7
  2233 | D:2      | Reached skill level 1 in Fighting
  2599 | D:2      | Learned a level 1 spell: Foxfire
  3771 | D:3      | Reached XP level 5. HP: 21/37 MP: 8/8
  4144 | D:3      | Noticed Jessica
  4169 | D:3      | Killed from afar by Jessica

Illustrated notes

Levels and vault maps discovered:
D:1:      dpeg_arrival_simpleton_b, layout_rooms, ebering_ecumenical_altar_ruins
D:2:      layout_basic, minmay_circled_x
D:3:      layout_basic, mainiacjoe_overflow_tiny_flanked, gammafunk_ghost_grave,
          grunt_ministairs_13, uniq_jessica

Skill      XL: |  1  2  3  4 |
---------------+-------------+-----
Axes           | 1 2 |  2.6
Fighting       | 1 |  1.4
Armour         | |  5.6
Dodging        | |  0.4
Stealth        | |  1.0
Spellcasting   | |  2.0
Translocations | |  1.0
Invocations    | |  1.0

Action                   |  1- 3 |  4- 6 || total
-------------------------+-------+-------++-------
Melee: Hand axe          |   119 |   126 ||   245
       Punch             |     3 |     1 ||     4
  Use: Scroll            |       |     2 ||     2
Armor: Chain mail        |   147 |    79 ||   226
Dodge: Dodged            |    61 |    40 ||   101
